 Dungeon Crawl Stone Soup version 0.31-a0-152-g6aa68a64a1 (webtiles) character file.

Game seed: 4229073821952339226

2358 IdlyInterested the Cleaver (level 9, -1/72 HPs)
             Began as a Demonspawn Fighter on June 9, 2023.
             Was an Initiate of Ashenzari.
             Slain by a vampire
             ... wielding a +2 vampiric halberd
              (6 damage)
             ... in a bailey.
             The game lasted 00:14:27 (5820 turns).

IdlyInterested the Cleaver (Demonspawn Fighter)     Turns: 5820, Time: 00:14:28

Health: -1/72      AC: 11    Str: 20    XL:     9   Next: 20%
Magic:  10/10      EV: 13    Int: 10    God:    Ashenzari [......]
Gold:   290        SH:  4    Dex: 13    Spells: 10/10 levels left

rFire   . . .        n - +0 war axe (elec)
rCold   . . .        c - +0 buckler
rNeg    . . .        j - +0 chain mail
rPois   .            N - +0 helmet
rElec   .            (no cloak)
rCorr   .            y - +0 pair of gloves
SInv    .            (no boots)
Will    .....        H - amulet of regeneration Stlth
                     L - ring of wizardry
HPRegen 1.12/turn    (no ring)
MPRegen 0.12/turn

%: wizardry (x1)
@: agile
A: hooves 2, demonic guardian 1, powered by pain 1
a: Renounce Religion, Curse Item


You were in a bailey.
You worshipped Ashenzari.
Ashenzari was noncommittal.
You visited 2 branches of the dungeon, and saw 8 of its levels.
You also visited: Bailey.

You collected 290 gold pieces.

Inventory:

Hand Weapons
 a - a +0 war axe
 g - a +1 whip of flaming
 n - a +0 war axe of electrocution (weapon)
 o - a +0 flail
 r - a +0 war axe
 s - a +1 heavy mace
 x - a +0 dagger of venom
 B - a +1 short sword of electrocution
 C - a +3 mace of draining
 F - a +0 war axe
 I - a +0 war axe
 R - a +0 war axe
 W - a +3 dagger
Missiles
 e - 21 stones (quivered)
 k - 12 boomerangs
 w - 15 poisoned darts
 Y - a curare-tipped dart
Armour
 b - a +0 scale mail
 c - a +0 buckler (worn)
 j - a +0 chain mail (worn)
 y - a +0 pair of gloves (worn)
 G - an orb of mayhem
 N - a +0 helmet (worn)
 X - a +0 leather armour of poison resistance
Jewellery
 H - an amulet of regeneration (around neck)
 L - a ring of wizardry (left hand)
 M - an amulet of guardian spirit
 U - an amulet of regeneration
Wands
 E - a wand of flame (7)
 J - a wand of polymorph (9)
Scrolls
 f - a scroll of brand weapon {unknown}
 i - a scroll of summoning {unknown}
 l - 9 scrolls of identify {unknown}
 m - a scroll of enchant weapon {unknown}
 q - 4 scrolls of vulnerability {unknown}
 v - 2 scrolls of immolation {unknown}
 A - a scroll of amnesia {unknown}
 O - a scroll of fear {unknown}
 P - 2 scrolls of magic mapping {unknown}
 S - a scroll of noise {unknown}
 T - a scroll of fog {unknown}
Potions
 d - a potion of might
 h - a potion of resistance {unknown}
 p - a potion of curing {unknown}
 t - 2 potions of ambrosia {unknown}
 u - a potion of cancellation {unknown}
 z - a potion of enlightenment {unknown}
 D - 2 potions of berserk rage {unknown}
 K - a potion of mutation {unknown}
 Q - a potion of heal wounds {unknown}
 V - a potion of lignification {unknown}


   Skills:
 + Level 7.2 Fighting
 * Level 8.1 Axes
 - Level 2.0 Throwing
 + Level 4.0 Armour
 - Level 2.0 Dodging
 - Level 1.0 Stealth
 - Level 3.0 Shields
 - Level 1.0 Spellcasting
 - Level 2.0 Evocations


You had 10 spell levels left.
You didn't know any spells.
Your spell library contained the following spells:

 Spells                   Type           Power      Damage    Failure   Level
 Beastly Appendage        Tmut           0%         N/A       75%         1
 Necrotise                Necr           0%         1d4       75%         1
 Wereblood                Tmut           0%         N/A       86%         2
 Gell's Gravitas          Tloc           0%         N/A       97%         3
 Spider Form              Tmut/Pois      0%         N/A       97%         3
 Teleport Other           Tloc           0%         N/A       97%         3
 Vampiric Draining        Necr           0%         2d6       97%         3
 Agony                    Necr           0%         N/A       100%        5
 Dispersal                Tloc           0%         N/A       100%        6


Dungeon Overview and Level Annotations

Branches:
Dungeon (7/15)             Temple (1/1) D:6          Bailey (1/1)

Altars:
Ashenzari
Cheibriados
Dithmenos
Fedhas
Hepliaklqana
Kikubaaqudgha
Makhleb
Nemelex Xobeh
Okawaru
Qazlal
Ru
Sif Muna
Trog
Uskayaw
Vehumet
Wu Jian
Xom
Yredelemnul


Innate Abilities, Weirdness & Mutations

You have hoof-like feet.
A weak demonic guardian rushes to your aid.
You sometimes gain a little power by taking damage.


Message History

You start resting.
Your white imp disappears in a puff of smoke!
HP restored.
You see here a +0 mace.
You open the large door.
A vampire comes into view. It is wielding a +2 vampiric halberd.
Found a white potion.
There is a large open door here.
The vampire hits you with a +2 vampiric halberd!
You focus on the pain.
You feel agile all of a sudden. The vampire bites you.
The vampire draws strength from your injuries!
You hit the vampire but do no damage.
The vampire hits you with a +2 vampiric halberd!
The vampire closely misses you.
You barely miss the vampire. You kick the vampire.
The vampire is lightly damaged.
The vampire hits you with a +2 vampiric halberd!!
* * * LOW HITPOINT WARNING * * *
The vampire draws strength from your wounds!
The vampire bites you but does no damage.
You slash the vampire! Lightning courses through the vampire!!
The vampire is almost destroyed.
The vampire draws life force from you!
* * * LOW HITPOINT WARNING * * *
A demonic guardian appears!
The vampire is healed by the life force!
Unknown command.
You barely miss the vampire. You kick the vampire, but do no damage.
The vampire is severely damaged.
The vampire draws life force from you!
* * * LOW HITPOINT WARNING * * *
The vampire is healed by the life force!
Your white imp hits the vampire but does no damage.
Unknown command.
You hit the vampire but do no damage. Your kick misses the vampire.
The vampire is heavily damaged.
You block the vampire's attack. The vampire bites you.
You die...

####...#........#
+....####.......#
+...##..##.....8#
#...#....#########
#.....)..........#
#......#.....)...#
#8....##...##''###
#######...##....##
#8.......##.@....#
#8......8#.5V##...#
##########..## #..#
#.. ..# #.. .8# ##!
## ##


You could see a vampire (ally target) and a friendly white imp (summoned).

Vanquished Creatures
  A gargoyle (Bailey)
  Grinder (D:3)
  Eustachio (D:6)
  A water moccasin (D:5)
  Duvessa (D:6)
  2 ice beasts
  2 ogres
  A kobold brigand (D:7)
  2 phantoms
  A bullfrog (D:7)
  5 scorpions
  2 hounds
  A jelly (D:6)
  2 sleepcaps
  Natasha (thrice) (D:4)
  4 iguanas
  2 orc wizards
  A gnoll (D:1)
  6 adders
  2 shadow imps (D:5)
  2 white imps
  2 worms (D:2)
  3 dart slugs
  11 orcs
  6 ball pythons
  7 endoplasms
  2 giant cockroaches (D:1)
  9 goblins
  5 hobgoblins
  16 kobolds
  4 quokkas
  6 bats
  4 frilled lizards
  8 orc zombies (Bailey)
  5 rats
131 creatures vanquished.

Notes
Turn   | Place    | Note
-------+----------+-------------------------------------------
     0 | D:1      | IdlyInterested the Demonspawn Fighter began the quest for
                  | the Orb.
     0 | D:1      | Reached XP level 1. HP: 18/18 MP: 1/1
    84 | D:1      | Reached skill level 2 in Axes
   127 | D:1      | Gained mutation: You have large cloven feet. [demonic
                  | ancestry]
   127 | D:1      | Reached XP level 2. HP: 16/24 MP: 2/2
   169 | D:1      | Reached skill level 1 in Dodging
   516 | D:2      | Found a faded altar of an unknown god.
   730 | D:2      | Reached XP level 3. HP: 28/29 MP: 3/3
   732 | D:2      | Reached skill level 1 in Stealth
  1059 | D:2      | Reached XP level 4. HP: 37/37 MP: 4/4
  1207 | D:2      | Reached skill level 1 in Throwing
  1875 | D:3      | Found a radiant altar of Vehumet.
  1959 | D:3      | Reached skill level 3 in Axes
  1959 | D:3      | Reached skill level 1 in Evocations
  1959 | D:3      | Reached XP level 5. HP: 33/42 MP: 5/5
  2193 | D:3      | Noticed Grinder
  2226 | D:3      | Killed Grinder
  2227 | D:3      | Reached skill level 4 in Axes
  2227 | D:3      | Reached XP level 6. HP: 36/50 MP: 6/6
  2393 | D:4      | Reached skill level 5 in Fighting
  2967 | D:4      | Noticed Natasha
  2977 | D:4      | Killed Natasha
  3147 | D:4      | Gained mutation: You sometimes gain a little power by
                  | taking damage. [demonic ancestry]
  3147 | D:4      | Reached XP level 7. HP: 19/56 MP: 7/7
  3240 | D:4      | Noticed Natasha
  3241 | D:4      | Killed Natasha
  3427 | D:4      | Noticed Natasha
  3434 | D:4      | Killed Natasha
  3510 | D:5      | Entered Level 5 of the Dungeon
  3613 | D:5      | Reached skill level 5 in Axes
  4014 | D:5      | Reached skill level 6 in Axes
  4014 | D:5      | Gained mutation: A weak demonic guardian rushes to your
                  | aid. [demonic ancestry]
  4014 | D:5      | Reached XP level 8. HP: 64/64 MP: 8/8
  4581 | D:6      | Noticed Dowan
  4583 | D:6      | Noticed Duvessa
  4601 | D:6      | Killed Duvessa
  4602 | D:6      | Dowan changed into Dowan the orc
  4602 | D:6      | Noticed Dowan
  4610 | D:6      | Killed Dowan the orc
  4756 | D:6      | Noticed Eustachio
  4758 | D:6      | Found a staircase to the Ecumenical Temple.
  4776 | D:6      | Killed Eustachio
  4777 | D:6      | Reached skill level 7 in Axes
  4777 | D:6      | Reached skill level 1 in Spellcasting
  4787 | Temple   | Entered the Ecumenical Temple
  4833 | Temple   | Became a worshipper of Ashenzari the Shackled
  5195 | D:6      | Found a sacrificial altar of Ru.
  5196 | D:6      | Found a basalt altar of Yredelemnul.
  5197 | D:6      | Found a stormy altar of Qazlal.
  5197 | D:6      | Found a bloodstained altar of Trog.
  5647 | D:7      | Found a flagged portal.
  5659 | D:7      | Gained mutation: You have hoof-like feet. [demonic
                  | ancestry]
  5659 | D:7      | Reached XP level 9. HP: 48/71 MP: 10/10
  5684 | Bailey   | Entered a bailey
  5756 | Bailey   | Noticed a gargoyle
  5768 | Bailey   | Killed a gargoyle
  5769 | Bailey   | Reached skill level 8 in Axes
  5820 | Bailey   | Slain by a vampire

Illustrated notes

Levels and vault maps discovered:
D:1:      dpeg_arrival_erosion, layout_rooms
D:2:      layout_loops_cross, ebering_ecumenical_altar_abandoned,
          grunt_decor_resistance, minmay_joined_circles
D:3:      layout_loops_ring, vehumet_altar_wand_db, uniq_grinder
D:4:      layout_basic, nicolae_tso_carved_into_rock, minmay_misc_feat_alley,
          uniq_natasha
D:5:      layout_loops_ring, serial_bayou_pond_b, kennysheep_potato
D:6:      layout_loops_ring, mainiacjoe_overflow_alcove_3,
          minmay_temple_entry_mini_moons, minivault_4, uniq_eustachio,
          uniq_duvessa
D:7:      layout_loops_cross, nicolae_overflow_crystal_walls, enter_bailey_5,
          serial_bayou_lake_a
Temple:   regret_index_temple_waves
Bailey:   bailey_polearm_vampire_castle_hellmonk, bailey

Skill      XL: |  1  2  3  4  5  6  7  8  9 |
---------------+----------------------------+-----
Axes           | 2 3 4 6 7 8 |  8.1
Dodging        | 1 2 |  2.0
Stealth        | 1 |  1.0
Throwing       | 1 2 |  2.0
Fighting       | 4 5 6 7 |  7.2
Evocations     | 1 2 |  2.0
Armour         | 3 4 |  4.0
Shields        | 3 |  3.0
Spellcasting   | 1 |  1.0

Action                     |  1- 3 |  4- 6 |  7- 9 || total
---------------------------+-------+-------+-------++-------
  Melee: War axe           |    64 |   109 |   198 ||   371
         Kick              |    11 |    18 |    47 ||    76
  Throw: Stone             |    17 |    14 |    26 ||    57
  Evoke: Wand              |       |       |     5 ||     5
   Stab: Distracted        |       |       |     1 ||     1
 Armour: Scale mail        |    16 |       |       ||    16
         Chain mail        |    23 |    62 |   113 ||   198
  Dodge: Dodged            |    26 |    29 |    80 ||   135
  Block: Buckler           |    20 |    24 |    49 ||    93

Table legend: (Time is in decaauts)
 A = Elapsed time spent in this place.
 B = Non-inter-level travel time spent in this place.
 C = Inter-level travel time spent in this place.
 D = Time resting spent in this place.
 E = Time spent auto-exploring this place.
 F = Levels seen in this place.
 G = Mean time per level.
                   A        B        C        D        E       F      G
               +--------+--------+--------+--------+--------+-----+--------+
         Total |   5956 |   5108 |    848 |    653 |   3170 |   9 |  661.8 |
       Dungeon |   5693 |   4859 |    834 |    611 |   3042 |   7 |  813.3 |
        Temple |    123 |    110 |     13 |      0 |     85 |   1 |  123.0 |
        Bailey |    139 |    139 |      0 |     42 |     43 |   1 |  139.0 |
               +--------+--------+--------+--------+--------+-----+--------+

Top non-repeatable levels by time:
     D:4: 1187 daAuts
     D:5: 1001 daAuts
     D:2: 965 daAuts
     D:6: 952 daAuts
     D:3: 896 daAuts
     D:1: 644 daAuts
  Bailey: 139 daAuts
  Temple: 123 daAuts
     D:7: 45 daAuts
